 Dungeon Crawl Stone Soup version 0.28.0-43-g3370ac3207 (webtiles) character file.

Game seed: 15520191424749847511

2718 sking99 the Cleaver (level 9, -8/66 HPs)
             Began as a Demonspawn Fighter on Mar 25, 2022.
             Was a Priest of Fedhas.
             Mangled by an ogre
             ... wielding a +0 giant spiked club
              (30 damage)
             ... on level 6 of the Dungeon.
             The game lasted 00:10:30 (6082 turns).

sking99 the Cleaver (Demonspawn Fighter)            Turns: 6082, Time: 00:10:31

Health: -8/66      AC: 13    Str: 21    XL:     9   Next: 39%
Magic:  11/14      EV:  9    Int: 10    God:    Fedhas [***...]
Gold:   260        SH:  5    Dex: 12    Spells: 8/8 levels left

rFire   . . .      SeeInvis .   a - +1 war axe
rCold   . . .      Faith    .   c - +0 buckler
rNeg    . . .      Spirit   .   f - +0 chain mail
rPois   .          Reflect  .   (no helmet)
rElec   .          Harm     .   e - +2 cloak
rCorr   .          Rampage  .   k - +0 pair of gloves
Will    .....                   (no boots)
Stlth   ..........              (no amulet)
HPRegen 0.21/turn               (no ring)
MPRegen 0.28/turn               (no ring)

@: studying Dodging
A: hooves 1, spiny 2, magic regeneration, sturdy frame 2
a: Renounce Religion, Wall of Briars, Grow Ballistomycete


You were on level 6 of the Dungeon.
You worshipped Fedhas.
Fedhas was most pleased with you.
You visited 1 branch of the dungeon, and saw 6 of its levels.
You also visited: Ossuary.

You collected 350 gold pieces.
You spent 90 gold pieces at shops.

Inventory:

Hand Weapons
 a - a +1 war axe (weapon)
Armour
 c - a +0 buckler (worn)
 e - a +2 cloak (worn)
 f - a +0 chain mail (worn)
 k - a +0 pair of gloves (worn)
Jewellery
 h - a ring of fire
 n - a ring of fire
 p - a +4 ring of protection
Wands
 r - a wand of mindburst (3)
Scrolls
 g - a scroll of brand weapon {unknown}
 t - a scroll of enchant weapon
 u - a scroll of teleportation
 v - a scroll of fear
Potions
 b - a potion of berserk rage {unknown}
 d - a potion of might
 i - a potion of degeneration {unknown}
 j - 2 potions of ambrosia
 l - 7 potions of curing
 m - 2 potions of cancellation
 o - a potion of invisibility
 q - a potion of brilliance {unknown}
 s - a potion of mutation {unknown}
 w - 2 potions of flight {unknown}


   Skills:
 - Level 4.7 Fighting
 * Level 8.8 Axes
 - Level 4.1 Armour
 - Level 5.0 Shields
 + Level 7.2 Invocations


You had 8 spell levels left.
You didn't know any spells.
Your spell library contained the following spells:

 Spells                   Type           Power      Damage    Failure   Level
 Animate Skeleton         Necr           0%         N/A       85%         1
 Apportation              Tloc           0%         N/A       85%         1
 Summon Small Mammal      Summ           0%         N/A       85%         1
 Call Canine Familiar     Summ           0%         N/A       99%         3
 Summon Guardian Golem    Hex/Summ       0%         N/A       99%         3
 Alistair's Intoxication  Tmut/Pois      0%         N/A       100%        5


Dungeon Overview and Level Annotations

Branches:
Dungeon (6/15)             Temple (0/1) D:5         Ossuary (visited)

Altars:
Fedhas
Trog
Wu Jian
Yredelemnul
Zin
The Shining One


Innate Abilities, Weirdness & Mutations

You have large cloven feet.
You are mostly covered in sharp spines.
You regenerate magic rapidly.
Your movements are less encumbered by armour. (ER -4)


Message History

The water moccasin is struck by your spines.
The water moccasin bites you. The ogre is struck by your spines.
The ogre hits you with a +0 giant club!
An orc wizard comes into view. It is wielding a +0 dagger of venom.
You block the ogre's attack.
The water moccasin is struck by your spines.
You kill the water moccasin!
Fedhas appreciates your contribution to the ecosystem.
The orc wizard mumbles some strange words.
The orc wizard flickers and vanishes!
Deactivating autopickup; reactivate with Ctrl-A.
There is an open door here.
You hit the ogre but do no damage. You kick the ogre.
The ogre is lightly wounded.
The ogre is struck by your spines.
The ogre hits you with a +0 giant spiked club!
You barely miss the ogre. You kick the ogre.
The ogre is moderately wounded.
The ogre hits you with a +0 giant spiked club!
* * * LOW HITPOINT WARNING * * *
You hit the ogre. You kick the ogre.
The ogre is heavily wounded.
The ogre is struck by your spines.
The ogre hits you with a +0 giant spiked club!
* * * LOW HITPOINT WARNING * * *
There is an open door here.
You close the door.
An ogre breaks down the door.
There is a broken door here.
Aiming: Grow Ballistomycete (11% risk of failure)
Press: ? - help, Dir - move target A ballistomycete grows from the ground.
The ogre is struck by your spines. The ogre barely misses you.
The ogre completely misses your ballistomycete.
You hit the ogre.
The ogre is severely wounded.
The orc wizard hits your ballistomycete with a +0 dagger of venom.
Your ballistomycete is poisoned.
The ogre hits you with a +0 giant spiked club!!
You die...
Fedhas appreciates your contribution to the ecosystem.

...#..###.##
....O#.....##########
..O###..............#
...# #..............#
...# #..............#
#### #....).........# .#
#..............#
.#####....oP........#####
.....'.....O...O@..>....#
.#####.........O......#.#
.# #.....##....####.#.#
.## ########....# #...#
..# ###### ##..# #.##
#..# #..# ..## ##.# ##.##
.....## #.# #..# .....
#.#


You could see 3 ogres, an orc wizard and a friendly ballistomycete (summoned,
very poisoned).

Vanquished Creatures
  Maggie (D:6)
  Sigmund (D:3)
  Eustachio (D:6)
  3 water moccasins (D:6)
  Duvessa (D:4)
  2 sky beasts (D:6)
  An orc warrior (D:5)
  2 ogres
  A hornet zombie (D:5)
  3 necrophages
  A phantom (D:2)
  2 elf zombies (Ossuary)
  Dowan (D:4)
  3 killer bees (D:5)
  4 hounds
  A gnoll shaman (D:5)
  2 orc priests (D:4)
  A bullfrog skeleton (D:6)
  2 iguanas
  A scorpion zombie (D:5)
  An orc wizard (D:5)
  2 hound skeletons (D:4)
  2 mummies (Ossuary)
  5 adders
  4 gnolls
  A white imp (D:3)
  2 ufetubi
  2 worms
  9 orcs
  2 bats
  7 endoplasms
  2 giant cockroaches
  7 goblins
  12 hobgoblins
  2 jackals (D:1)
  6 kobolds
  7 quokkas
  8 ball pythons
  5 frilled lizards
  3 goblin zombies (Ossuary)
  11 hobgoblin zombies (Ossuary)
  2 jackal zombies (Ossuary)
  5 kobold zombies (Ossuary)
  11 orc zombies (Ossuary)
  2 rats
  2 rat zombies (Ossuary)
156 creatures vanquished.

Vanquished Creatures (collateral kills)
  2 orcs (D:6)
2 creatures vanquished.

Vanquished Creatures (others)
  An orc (D:6)
  A withered plant (D:1)
2 creatures vanquished.

Grand Total: 160 creatures vanquished

Notes
Turn   | Place    | Note
-------+----------+-------------------------------------------
     0 | D:1      | sking99 the Demonspawn Fighter began the quest for the Orb.
     0 | D:1      | Reached XP level 1. HP: 18/18 MP: 1/1
    23 | D:1      | Reached skill level 2 in Axes
   177 | D:1      | Gained mutation: You regenerate magic rapidly. [demonic
                  | ancestry]
   177 | D:1      | Reached XP level 2. HP: 18/24 MP: 2/2
   570 | D:1      | Found a faded altar of an unknown god.
   610 | D:1      | Prayed at the altar of an unknown god.
   610 | D:1      | Became a worshipper of Fedhas Madash
   610 | D:1      | Reached * piety under Fedhas
   652 | D:2      | Gained mutation: You are partially covered in sharp spines.
                  | [demonic ancestry]
   652 | D:2      | Reached XP level 3. HP: 17/29 MP: 3/3
  1055 | D:2      | Noticed a phantom
  1065 | D:2      | Killed a phantom
  1066 | D:2      | Reached skill level 3 in Axes
  1066 | D:2      | Gained mutation: You have large cloven feet. [demonic
                  | ancestry]
  1066 | D:2      | Reached XP level 4. HP: 24/36 MP: 4/4
  1517 | D:3      | Reached ** piety under Fedhas
  1524 | D:3      | Found a basalt altar of Yredelemnul.
  1526 | D:3      | Noticed a profane servitor
  1549 | D:3      | Found an ornate altar of the Wu Jian Council.
  1578 | D:3      | Noticed Sigmund
  1583 | D:3      | Gained mutation: Your movements are slightly less
                  | encumbered by armour. (ER -2) [demonic ancestry]
  1583 | D:3      | Reached XP level 5. HP: 42/42 MP: 5/5
  1590 | D:3      | Killed Sigmund
  1591 | D:3      | Reached skill level 4 in Axes
  1591 | D:3      | Reached XP level 6. HP: 25/48 MP: 6/6
  2380 | D:3      | Noticed an angel
  2913 | D:4      | Noticed Dowan
  2914 | D:4      | Noticed Duvessa
  2940 | D:4      | HP: 2/49 [Duvessa/+0 short sword (10)]
  2952 | D:4      | Killed Duvessa
  2953 | D:4      | Reached XP level 7. HP: 15/55 MP: 7/7
  2962 | D:4      | Killed Dowan
  3710 | D:4      | Reached skill level 5 in Axes
  3710 | D:4      | Reached skill level 1 in Invocations
  3983 | D:5      | Entered Level 5 of the Dungeon
  4124 | D:5      | Reached *** piety under Fedhas
  4181 | D:5      | Found Zin's Purification Station.
  4191 | D:5      | Bought a potion of curing for 90 gold pieces
  4220 | D:5      | Found a staircase to the Ecumenical Temple.
  4232 | D:5      | Gained mutation: You are mostly covered in sharp spines.
                  | [demonic ancestry]
  4232 | D:5      | Reached XP level 8. HP: 38/61 MP: 8/10
  4252 | D:5      | Reached skill level 6 in Axes
  4511 | D:5      | Reached skill level 5 in Shields
  4614 | D:5      | Found a sand-covered staircase.
  4623 | Ossuary  | Entered an ossuary
  4731 | Ossuary  | Reached **** piety under Fedhas
  4752 | Ossuary  | Reached skill level 7 in Axes
  5094 | D:5      | Reached skill level 5 in Invocations
  5474 | D:6      | Found a bloodstained altar of Trog.
  5482 | D:6      | Gained mutation: Your movements are less encumbered by
                  | armour. (ER -4) [demonic ancestry]
  5482 | D:6      | Reached XP level 9. HP: 66/66 MP: 13/13
  5518 | D:6      | Noticed Eustachio
  5539 | D:6      | Killed Eustachio
  5540 | D:6      | Reached skill level 8 in Axes
  5777 | D:6      | Noticed Maggie
  5797 | D:6      | Killed Maggie
  6082 | D:6      | Mangled by an ogre

Illustrated notes

Levels and vault maps discovered:
D:1:      grunt_arrival_crossed_arrows, layout_basic,
          shapermc_ecumenical_altar_flowoftime
D:2:      layout_rooms, minmay_misc_feat_iff, palyth_stone_intersect
D:3:      layout_basic, grunt_temple_overflow_holy_war,
          mainiacjoe_overflow_paths, hangedman_decor_clover_reticule,
          amcnicky_mini_pool_small, minivault_4, uniq_sigmund
D:4:      layout_basic, minmay_manual_mullet, uniq_duvessa
D:5:      layout_rooms, zin_purify, minmay_temple_entry_glass, enter_ossuary_1
D:6:      minmay_octagon_keep, layout_basic, trog_three_pillars_becter,
          supply_closet_lemuel, grunt_decor_mini_mirrors, kb_rosetta,
          uniq_maggie, uniq_eustachio

Skill      XL: |  1  2  3  4  5  6  7  8  9 |
---------------+----------------------------+-----
Axes           | 2 3 4 5 7 8 |  8.8
Armour         | 3 4 |  4.1
Shields        | 3 4 5 |  5.0
Fighting       | 4 |  4.7
Invocations    | 2 5 7 |  7.2

Action                   |  1- 3 |  4- 6 |  7- 9 || total
-------------------------+-------+-------+-------++-------
Melee: War axe           |    59 |    68 |   190 ||   317
       Kick              |       |    14 |    61 ||    75
Invok: Grow Ballistomyce |       |       |     2 ||     2
       Overgrow          |       |       |     1 ||     1
  Use: Scroll            |       |    11 |     5 ||    16
       Potion            |       |     2 |     1 ||     3
Armor: Scale mail        |    41 |    17 |       ||    58
       Chain mail        |       |    11 |    88 ||    99
Dodge: Dodged            |    33 |    22 |    65 ||   120
Block: Buckler           |    17 |    21 |    41 ||    79
